 Dungeon Crawl Stone Soup version 0.18.1-48-g4cf74bf (webtiles) character file.

218 Peloso the Shield-Bearer (level 5, 0/47 HPs)
             Began as a Minotaur Fighter on July 28, 2016.
             Succumbed to a worker ant's poison
             ... on level 3 of the Dungeon.
             The game lasted 00:06:33 (1882 turns).

Peloso the Shield-Bearer (Minotaur Fighter)         Turns: 1882, Time: 00:06:33

Health: 0/47       AC:  9    Str: 21    XL:     5   Next: 63%
Magic:  4/4        EV:  8    Int:  5    God:
Gold:   111        SH: 10    Dex: 10    Spells: 0 memorised, 4 levels left

rFire  . . .     SeeInvis .     a - +0 long sword
rCold  . . .     Gourm    .     b - +0 scale mail
rNeg   . . .     Faith    .     c - +0 shield
rPois  .         Spirit   .     (helmet restricted)
rElec  .         Dismiss  .     m - +0 cloak (curse)
rCorr  .         Reflect  .     (no gloves)
SustAt .         Harm     .     h - +0 pair of boots
MR     +....                    (no amulet)
Stlth  ..........               (no ring)
                                q - ring of protection from magic

@: lethally poisoned (0 -> -4), somewhat resistant to hostile enchantments,
extremely unstealthy
A: retaliatory headbutt, horns 2
a: no special abilities


You were on level 3 of the Dungeon.
You were not hungry.

You visited 1 branch of the dungeon, and saw 4 of its levels.

You collected 111 gold pieces.

Inventory:

Hand Weapons
 a - a +0 long sword (weapon)
Armour
 b - a +0 scale mail (worn)
 c - a +0 shield (worn)
 h - a +0 pair of boots (worn)
 m - a cursed +0 cloak (worn)
Jewellery
 q - a ring of protection from magic (left hand)
 u - an uncursed amulet of harm {unknown}
Wands
 w - a wand of flame (40/48)
Scrolls
 e - 3 scrolls of remove curse {unknown}
 i - a scroll of enchant weapon {unknown}
 j - a scroll of fear {unknown}
 k - 2 scrolls of identify {unknown}
 o - 2 scrolls of recharging {unknown}
 p - a scroll of amnesia {unknown}
 r - a scroll of random uselessness {unknown}
 s - a scroll of noise {unknown}
 t - 2 scrolls of teleportation {unknown}
Potions
 d - a potion of might
 g - 2 potions of lignification {unknown}
 v - 2 potions of agility {unknown}
Comestibles
 f - 3 bread rations
 l - 3 chunks of flesh
 n - 2 beef jerkies


   Skills:
 + Level 4.6 Fighting
 + Level 3.6 Long Blades
 + Level 4.5 Armour
 + Level 2.1 Dodging
 + Level 5.2 Shields


You had 4 spell levels left.
You didn't know any spells.

Dungeon Overview and Level Annotations

Branches:
Dungeon (4/15)
 Temple: D:4-7

Altars:
Makhleb

Annotations:
D:4 Natasha, Pikel


Innate Abilities, Weirdness & Mutations

You reflexively headbutt those who attack you in melee.
You have a pair of horns on your head.


Message History

Found a ring mail and 4 fruits.
Natasha, Servant of Life and Death comes into view.
Found 12 gold pieces.
There is a stone staircase leading up here.
The worker ant bites you but does no damage.
The slave hits you.
* * * LOW HITPOINT WARNING * * *
You climb upwards.
There is a stone staircase leading down here.
The worker ant closely misses you. You furiously retaliate!
You headbutt the worker ant! You block the worker ant's attack.
You block the worker ant's attack. The worker ant bites you.
* * * LOW HITPOINT WARNING * * *
You are lethally poisoned!
The worker ant poisons you!
* * * LOW HITPOINT WARNING * * *
You feel sick.
You die...

##.>...........##
#...............#
#...............#
#...............#
#...............# ###
#...............# #.###
##.............##
#...########p..........##
#.........@..####.#########
###.####....#####.#######..
#..##..##.....#.........#
#####.##............#####...
#####.........########........##
##.....##.....###........#######
..................######.....#
##.####....##..#### #.....#
........######.### ##....#


You could see a slave.

Vanquished Creatures
  A giant frog skeleton (D:4)
  A hound (D:2)
  An orc priest (D:4)
  An iguana (D:3)
  An orc wizard (D:3)
  A howler monkey skeleton (D:4)
  An adder (D:2)
  A gnoll (D:1)
  2 oozes (D:1)
  A dart slug (D:1)
  2 orcs (D:4)
  7 bats
  3 giant cockroaches
  4 goblins
  5 hobgoblins
  4 jackals (D:3)
  3 quokkas
  2 kobolds (D:2)
  3 rats
44 creatures vanquished.

Notes
Turn   | Place    | Note
--------------------------------------------------------------
     0 | D:1      | Peloso the Minotaur Fighter began the quest for the Orb.
     0 | D:1      | Reached XP level 1. HP: 19/19 MP: 0/0
    35 | D:1      | Reached XP level 2. HP: 24/27 MP: 1/1
    84 | D:1      | Reached skill level 4 in Shields
   479 | D:1      | Reached XP level 3. HP: 33/33 MP: 2/2
   915 | D:2      | Found a faded altar to an unknown god.
   989 | D:2      | Reached skill level 1 in Dodging
   989 | D:2      | Reached XP level 4. HP: 41/41 MP: 3/3
   996 | D:2      | Found a burning altar of Makhleb.
  1683 | D:3      | Reached skill level 5 in Shields
  1683 | D:3      | Reached XP level 5. HP: 27/47 MP: 4/4
  1848 | D:4      | Noticed a slave
  1849 | D:4      | Noticed Pikel
  1851 | D:4      | Noticed a slave
  1851 | D:4      | Noticed a slave
  1851 | D:4      | Noticed a slave
  1870 | D:4      | Noticed Natasha
  1872 | D:4      | HP: 2/47 [slave[Pikel] (2)]
  1880 | D:3      | HP: 1/47 [worker ant (2)]
  1882 | D:3      | Succumbed to a worker ant's poison

Skill      XL: |  1  2  3  4  5 |
---------------+----------------+-----
Fighting       | 4 |  4.6
Shields        | 4 5 |  5.2
Armour         | 4 |  4.5
Long Blades    | 3 |  3.6
Dodging        | 1 2 |  2.1

Action                   |  1- 3 |  4- 6 || total
-------------------------+-------+-------++-------
Melee: Long sword        |    71 |    61 ||   132
       Headbutt          |     9 |    10 ||    19
  Eat: Chunk             |       |     3 ||     3
Armor: Scale mail        |    33 |    39 ||    72
Dodge: Dodged            |    22 |    32 ||    54
Block: Shield            |    42 |    53 ||    95
